AoeStats
← Merouane

Arabia

508952152Analyzed
1v1 RM · 7d ago on Sep 24, 2026· 59m 32s· 2 players
Game mode
Random Map
Map size
Tiny (2 player)
Population
200
Speed
Normal
Resources
Standard
Victory
Conquest
Starting age
Dark Age
Ending age
Imperial Age
RankedLock teamsTeams togetherTeam positionsShared explorationLock speedFull tech treeHidden civsTurbo modeCheats
Victory
Defeat
🇩🇪 Slavs · Germany
360
+5
🇫🇷 Persians · France
47
-5
Merouane
14:22 Feudal Age
14:46 Double-Bit Axe
14:46 Horse Collar
16:43 Gold Mining
17:32 Scale Mail Armor
17:38 Scale Barding Armor
18:13 Padded Archer Armor
20:42 Fletching
21:03 Forging
21:15 Arson
21:36 Man-at-Arms
25:26 Wheelbarrow
31:20 Castle Age
30:16 Stone Mining
31:26 Long Swordsman
31:51 Gambesons
32:59 Hand Cart
35:00 Pikeman
35:40 Squires
35:45 Bodkin Arrow
36:26 Iron Casting
36:42 Heavy Plow
37:22 Chain Mail Armor
39:49 Bow Saw
44:08 Devotion
44:03 Herbal Medicine
47:09 Gold Shaft Mining
47:40 Chain Barding Armor
47:36 Leather Archer Armor
48:13 Husbandry
48:25 Bloodlines
47:36 Light Cavalry
50:19 Stone Shaft Mining
56:57 Fervor
57:05 Kamandaran
58:46 Masonry
58:27 Heated Shot
58:58 Ballistics
58:34 Guard Tower
58:43 Murder Holes
59:10 Ballistics
Bloodmoon Army
7:50 Loom
15:10 Feudal Age
16:35 Wheelbarrow
15:45 Town Watch
15:43 Horse Collar
16:55 Double-Bit Axe
17:04 Gold Mining
17:05 Stone Mining
25:48 Castle Age
23:59 Man-at-Arms
25:30 Padded Archer Armor
25:21 Fletching
25:43 Forging
25:54 Elite Skirmisher
26:50 Bow Saw
26:44 Heavy Plow
26:09 Pikeman
28:24 Hand Cart
28:17 Squires
30:23 Town Patrol
31:36 Light Cavalry
32:26 Bloodlines
33:01 Bodkin Arrow
36:35 Leather Archer Armor
36:56 Iron Casting
36:21 Scale Mail Armor
36:27 Scale Barding Armor
36:14 Guard Tower
36:36 Masonry
36:21 Murder Holes
36:50 Detinets
36:49 Long Swordsman
41:43 Ballistics
41:33 Fortified Wall
41:46 Chain Barding Armor
41:42 Chain Mail Armor
41:59 Coinage
46:12 Imperial Age
47:31 Gold Shaft Mining
47:59 Two-Man Saw
47:38 Crop Rotation
46:32 Halberdier
48:28 Hoardings
47:59 Sappers
49:33 Elite Boyar
50:34 Conscription
51:37 Ring Archer Armor
51:38 Plate Mail Armor
51:43 Plate Barding Armor
52:44 Blast Furnace
53:12 Druzhina
52:37 Heavy Cavalry Archer
52:38 Two-Handed Swordsman
53:52 Champion
55:10 Banking
56:00 Chemistry
55:18 Siege Engineers
Connection lost

Rejoining the realm…

Still unreachable

The connection could not be restored.

Session expired

The server has moved on; the page needs a fresh start.